 Dungeon Crawl Stone Soup version 0.29-a0-330-g52719c12eb (webtiles) character file.

Game seed: 17816216546039627052

3063096 Sergey the Slayer (level 27, 219/219 HPs)
             Began as a Barachi Hedge Wizard on Apr 17, 2022.
             Was a High Priest of Qazlal.
             Escaped with the Orb
             ... and 5 runes on Apr 19, 2022!
             The game lasted 03:15:16 (74030 turns).

Sergey the Slayer (Barachi Hedge Wizard)           Turns: 74030, Time: 03:15:17

Health: 219/219    AC: 18    Str: 25    XL:     27
Magic:  42/43      EV: 40    Int: 29    God:    Qazlal [*****.]
Gold:   283        SH:  7    Dex: 30    Spells: 28/58 levels left

rFire   + + .      SeeInvis .   w - +11 plutonium sword {Contam Stlth-}
rCold   + . .      Faith    +   (shield currently unavailable)
rNeg    . . .      Spirit   .   p - +4 troll leather armour
rPois   .          Reflect  .   L - +2 hat of Duntuf {Drain Dex+4 Slay+2 Stlth+}
rElec   .          Harm     .   Q - +2 cloak {Will+}
rCorr   +          Rampage  .   z - +0 pair of fencer's gloves {Riposte Dex+3}
Will    +++..                   d - +2 pair of boots
Stlth   +.........              s - amulet "Guepyediph" {Faith rCorr}
HPRegen 1.26/turn               e - ring "Laboguidd" {Drain rF+ Str+6 Int+9 Dex+4}
MPRegen 0.28/turn               D - ring "Pemuwan" {rF+ rC+ Str+6}

@: hasted (expiring), studying 3 skills, repel missiles, quick
A: amphibious, slowness 1, strong legs 2, +LOS, antennae 1, frail 1, mutation
resistance 1
0: Orb of Zot
}: 5/15 runes: decaying, serpentine, slimy, silver, abyssal
a: Hop, Renounce Religion, Upheaval, Elemental Force, Disaster Area


You escaped.
You worshipped Qazlal.
Qazlal was extremely pleased with you.
You visited 10 branches of the dungeon, and saw 53 of its levels.
You visited the Abyss 2 times.
You also visited: Trove and Sewer.

You collected 9670 gold pieces.
You spent 9387 gold pieces at shops.

Inventory:

Hand Weapons
 w - the +11 plutonium sword (weapon) {Contam Stlth-}
   (You bought it in a shop on level 2 of the Orcish Mines)

   It occasionally inflicts wild transmutation effects on those it strikes,
   inflicting malmutation or extra damage, or polymorphing them into a new form.
   Contam:    It causes magical contamination when unequipped.
   Stlth:     It makes you less stealthy.
 M - a +2 triple sword of freezing
Missiles
 q - 12 curare-tipped darts
 H - 23 boomerangs (quivered)
 N - 2 throwing nets
Armour
 d - a +2 pair of boots (worn)
 p - a +4 troll leather armour (worn)
 z - the +0 pair of fencer's gloves (worn) {Riposte Dex+3}
   (You acquired it on level 11 of the Dungeon)

   It allows the wearer to riposte with melee weapons, swiftly retaliating
   against missed attacks.
   Dex:       It affects your dexterity (+3).
 L - the +2 hat of Duntuf (worn) {Drain Dex+4 Slay+2 Stlth+}
   (You found it on level 4 of the Depths)

   Dex:       It affects your dexterity (+4).
   Slay:      It affects your accuracy & damage with ranged weapons and melee
   (+2).
   Drain:     It drains your maximum health when unequipped.
   Stlth:     It makes you more stealthy.
 O - the +0 pair of boots "Rychinei" {rF+ Str+3}
   (You bought it in a shop on level 4 of the Depths)

   Str:       It affects your strength (+3).
   rF:        It protects you from fire.
 Q - a +2 cloak of willpower (worn)
Jewellery
 a - an amulet of magic regeneration
 b - a ring of willpower
 e - the ring "Laboguidd" (left hand) {Drain rF+ Str+6 Int+9 Dex+4}
   (You bought it in a shop on level 1 of the Elven Halls)

   [ring of strength]

   Str:       It affects your strength (+6).
   Int:       It affects your intelligence (+9).
   Dex:       It affects your dexterity (+4).
   rF:        It protects you from fire.
   Drain:     It drains your maximum health when unequipped.
 s - the amulet "Guepyediph" (around neck) {Faith rCorr}
   (You bought it in a shop on level 2 of the Orcish Mines)

   [amulet of faith]

   It allows you to gain divine favour quickly.
   rCorr:     It protects you from acid and corrosion.
 y - a ring of fire
 D - the ring "Pemuwan" (right hand) {rF+ rC+ Str+6}
   (You took it off a naga mage on level 1 of the Snake Pit)

   [ring of strength]

   Str:       It affects your strength (+6).
   rF:        It protects you from fire.
   rC:        It protects you from cold.
 J - a +4 ring of slaying
Wands
 c - a wand of acid (21)
 i - a wand of iceblast (24)
 v - a wand of digging (8)
 A - a wand of mindburst (8)
 T - a wand of paralysis (2)
 X - a wand of flame (76)
Scrolls
 f - 3 scrolls of silence {!r}
 j - 3 scrolls of immolation
 k - 3 scrolls of torment
 l - 2 scrolls of summoning {!r}
 o - 3 scrolls of magic mapping {@r5}
 r - 2 scrolls of amnesia
 F - 12 scrolls of blinking {@r4}
 G - 21 scrolls of teleportation {@r3}
 K - 12 scrolls of vulnerability {!r}
 P - 6 scrolls of fear
 R - a scroll of enchant armour
Potions
 g - 8 potions of lignification
 h - 10 potions of haste {@q5}
 n - 5 potions of ambrosia
 t - a potion of cancellation
 u - 15 potions of curing {@q2}
 x - 5 potions of might {@q3}
 C - 2 potions of mutation
 E - 6 potions of heal wounds {@q1}
 I - 9 potions of flight
 S - 7 potions of brilliance
 W - 2 potions of resistance
Miscellaneous
 m - a phial of floods
 B - a tin of tremorstones (2/2)
 V - a condenser vane
 Y - a phantom mirror
 Z - a box of beasts


   Skills:
 + Level 25.8 Fighting
 - Level 2.0(16.0) Short Blades
 + Level 25.7(25.8) Long Blades
 - Level 6.0 Armour
 + Level 24.7 Dodging
 - Level 3.0 Stealth
 - Level 4.0 Shields
 + Level 16.1 Spellcasting
 - Level 9.0 Conjurations
 - Level 2.0 Summonings
 - Level 3.0 Necromancy
 - Level 1.1 Translocations
 - Level 14.0 Transmutations
 - Level 6.0 Fire Magic
 - Level 3.0 Air Magic
 - Level 10.0 Earth Magic
 - Level 20.0 Invocations
 - Level 8.0 Evocations


You had 28 spell levels left.
You knew the following spells:

 Your Spells              Type           Power      Damage    Failure   Level
b - Call Imp              Summ           35%        N/A       1%          2
c - Conjure Flame         Conj/Fire      61%        6-21      1%          3
d - Inner Flame           Hex/Fire       40%        N/A       1%          3
e - Blink                 Tloc           58%        N/A       2%          2
g - Corpse Rot            Necr/Air       80%        N/A       1%          2
h - Passwall              Tmut/Erth      62%        N/A       1%          2
j - Apportation           Tloc           58%        N/A       1%          1
r - Flame Wave            Conj/Fire      61%        2d12      1%          4
s - Statue Form           Tmut/Erth      50%        N/A       2%          6
R - Irradiate             Conj/Tmut      37%        3d25      1%          5

Your spell library contained the following spells:

 Spells                   Type           Power      Damage    Failure   Level
 Foxfire                  Conj/Fire      100%       2x1d9     1%          1
 Magic Dart               Conj           100%       1d8       1%          1
 Sandblast                Erth           100%       2d20      1%          1
 Shock                    Conj/Air       100%       1d9       1%          1
 Sting                    Tmut/Pois      100%       1d8       1%          1
 Summon Small Mammal      Summ           100%       N/A       1%          1
 Poisonous Vapours        Pois/Air       64%        N/A       1%          2
 Scorch                   Fire           100%       2d10      1%          2
 Searing Ray              Conj           100%       2d8       1%          2
 Static Discharge         Conj/Air       55%        N/A       1%          2
 Sublimation of Blood     Necr           40%        N/A       1%          2
 Ignite Poison            Fire/Tmut/Pois 58%        N/A       1%          3
 Mephitic Cloud           Conj/Pois/Air  46%        N/A       1%          3
 Spider Form              Tmut/Pois      59%        N/A       1%          3
 Swiftness                Air            40%        N/A       1%          3
 Vampiric Draining        Necr           40%        2d8       1%          3
 Animate Armour           Summ/Erth      100%       N/A       1%          4
 Ice Form                 Ice/Tmut       59%        N/A       1%          4
 Blade Hands              Tmut           40%        N/A       1%          5
 Slow                     Hex            92%        N/A       2%          1
 Leda's Liquefaction      Hex/Erth       25%        N/A       2%          4
 Fireball                 Conj/Fire      30%        3d13      2%          5
 Ensorcelled Hibernation  Hex/Ice        46%        N/A       3%          2
 Call Canine Familiar     Summ           35%        N/A       3%          3
 Fulminant Prism          Conj/Hex       24%        3d13      3%          4
 Hailstorm                Conj/Ice       49%        3d11      3%          4
 Alistair's Intoxication  Tmut/Pois      39%        N/A       3%          5
 Yara's Violent Unravell  Hex/Tmut       29%        3d12      3%          5
 Gell's Gravitas          Tloc           29%        N/A       4%          3
 Lesser Beckoning         Tloc           29%        N/A       4%          3
 Summon Guardian Golem    Hex/Summ       29%        N/A       4%          3
 Teleport Other           Tloc           29%        N/A       4%          3
 Borgnjor's Vile Clutch   Necr/Erth      28%        N/A       4%          5
 Portal Projectile        Hex/Tloc       52%        N/A       5%          3
 Lightning Bolt           Conj/Air       27%        1d44      5%          5
 Airstrike                Air            20%        N/A       6%          4
 Dispel Undead            Necr           40%        3d16      6%          4
 Dragon Form              Tmut           40%        N/A       6%          7
 Confusing Touch          Hex            23%        N/A       7%          3
 Frozen Ramparts          Ice            46%        1d6       7%          3
 Ozocubu's Armour         Ice            23%        N/A       7%          3
 Iron Shot                Conj/Erth      34%        9d7       7%          6
 Summon Lightning Spire   Summ/Air       37%        N/A       8%          4
 Anguish                  Hex/Necr       16%        N/A       12%         4
 Freezing Cloud           Conj/Ice/Air   23%        6-21      12%         5
 Passage of Golubria      Tloc           29%        N/A       14%         4
 Starburst                Conj/Fire      30%        6d9       16%         6
 Agony                    Necr           40%        N/A       19%         5
 Excruciating Wounds      Necr           20%        N/A       19%         5
 Eringya's Noxious Bog    Tmut/Pois      29%        N/A       19%         6
 Olgreb's Toxic Radiance  Pois           23%        N/A       22%         4
 Conjure Ball Lightning   Conj/Air       27%        3x3d8     28%         6
 Silence                  Hex/Air        16%        N/A       32%         5
 Summon Forest            Summ/Tloc      16%        N/A       32%         5
 Storm Form               Tmut/Air       32%        N/A       50%         7
 Death Channel            Necr           20%        N/A       69%         6
 Summon Cactus Giant      Summ           17%        N/A       83%         6
 Simulacrum               Ice/Necr       16%        N/A       88%         6
 Dispersal                Tloc           14%        N/A       91%         6
 Lehudib's Crystal Spear  Conj/Erth      34%        10d9      96%         8
 Enfeeble                 Hex            11%        N/A       100%        7
 Ozocubu's Refrigeration  Ice            11%        4d7       100%        7
 Summon Hydra             Summ           17%        N/A       100%        7
 Ignition                 Fire           27%        3d9       100%        8
 Maxwell's Capacitive Co  Air            20%        ∞         100%        8
 Chain Lightning          Conj/Air       27%        3d36      100%        9
 Fire Storm               Conj/Fire      30%        8d8       100%        9
 Polar Vortex             Ice            11%        N/A       100%        9
 Shatter                  Erth           34%        3d28*     100%        9


Dungeon Overview and Level Annotations

Branches:
Dungeon (15/15)            Temple (0/1) D:6            Lair (6/6) D:11
  Swamp (4/4) Lair:4        Snake (4/4) Lair:3        Slime (5/5) Lair:5
    Orc (2/2) D:11            Elf (3/3) Orc:2        Vaults (5/5) D:14
  Crypt (0/3) Vaults:2     Depths (4/4) D:15            Zot (5/5) Depths:4
  Sewer (visited)

Altars:
Elyvilon
Fedhas
Gozag
Kikubaaqudgha
Nemelex Xobeh
Qazlal
Trog
Vehumet
Yredelemnul
Beogh
Jiyva

Shops:
D:2 *   D:8 (   D:10 !=!((   Orc:1 *   Orc:2 *([=   Elf:1 *=*   Snake:1 ==:
Vaults:1 (   Vaults:3 *   Vaults:5 ?[!???   Depths:2 *   Depths:4 ***=

Portals:
Hell: Depths:1 Depths:2 Depths:3 Depths:4
Abyss: Depths:3 Depths:4
Pandemonium: Depths:2
Ziggurat: Depths:2

Annotations:
D:10 exclusion: upstairs
Lair:2 exclusion: oklob plant
Lair:5 exclusion: oklob plant
Swamp:3 exclusion: downstairs
Elf:2 exclusion: 5 doors
Zot:2 1 transporter


Innate Abilities, Weirdness & Mutations

You are amphibious.
You cover ground slowly.
You can hop long distances.
You have an extended range of vision and can be seen from far away.
You have a pair of small antennae on your head.
You are frail. (-10% HP)
You are somewhat resistant to further mutation.


Message History

You climb upwards.
There is a stone staircase leading down here.
A shadow demon comes into view.
Something breathes, "Despond, thou erky tickle-brained socdollager!"
The shadow demon gestures.
You chop the shadow demon into pieces!!!
The shadow demon is severely wounded.
The shadow demon hits you but does no damage.
You carve the shadow demon like a ham!!!
You kill the shadow demon!
Qazlal accepts your kill.
The rat dissolves into shadows!
No target in view!
No target in view!
(D) Dungeon (T) Temple (L) Lair (S) Swamp (P) Snake Pit (M) Slime Pits (O) Orcish Mines (E) Elven Halls (V) Vaults (C) Crypt (U) Depths (H) Hell (Z) Zot
Where to? (Enter - D:1 @ (x,y), ? - help)
You hear a shout!
Something croaks, "Give up, thou vain doghearted haggard!"
Something gurgles, "Thy heart shall be my dinner!"
You hear a shout!
Weuh comes into view.
Unknown command.
You feel yourself speed up.
A green death comes into view.
Casting: Passwall (safe; 1% risk of failure)
Confirm with . or Enter, or press ? or * to list all spells.
Aiming: Passwall (safe; 1% risk of failure)
Press: ? - help, Dir - move target A rock wall.
This square is covered in magical glow.
You begin to meditate on the wall.
You continue meditating on the rock. x2
You finish merging with the rock.
Your extra speed is starting to run out.
Blink to where?
Press: ? - help, Dir - move target
As you read the scroll of blinking {@r4}, it crumbles to dust.
You have escaped!

#.#...........#
#.#.########'#####
#.#.# #.........#
#.#.#
##.§.......##
#.#.#
#8.°§......8#
#.#.#
#..°8...8...#
#.#.#
#8.........8#
#.#.#
##...°.....##
#.#.# ####8@8####
#†#.# ##### #...#
#[### #.# ###


There were no monsters in sight!

Vanquished Creatures
  the Royal Jelly (Slime:5)
  A dread lich (Zot:5)
  5 orbs of fire (Zot:5)
  4 ancient liches
  A juggernaut (Depths:2)
  Sojobo (Depths:4)
  5 Killer Klowns (Zot:5)
  Saint Roka (Depths:1)
  2 curse toes
  2 caustic shrikes (Depths:3)
  12 golden dragons
  the Enchantress (Depths:1)
  2 profane servitors
  A bone dragon (Abyss:3)
  5 electric golems
  The ghost of Umaschye the Eclecticist, an adept DECj of Vehumet (Depths:4)
  A Tzitzimitl (Depths:3)
  9 tentacled monstrosities
  A walking crystal tome (Depths:3)
  5 liches
  26 Orb Guardians
  4 quicksilver dragons
  4 titans
  21 acid blobs
  2 deep elf blademasters (Elf:3)
  2 death cobs
  An Executioner (Abyss:3)
  2 deep elf master archers (Elf:3)
  9 tengu reavers
  Kirke (D:15)
  8 sphinxes
  A thorn hunter (Swamp:4)
  2 tentacled starspawn (Abyss:4)
  A revenant (Abyss:3)
  5 shadow dragons
  17 fire giants
  2 nagarajas (Snake:4)
  6 rockslimes
  A daeva (Depths:2)
  11 storm dragons
  10 azure jellies
  3 draconian monks
  4 draconian scorchers
  A draconian knight (Zot:5)
  11 frost giants
  A fenstrider witch (Swamp:4)
  8 deep elf sorcerers
  2 orc warlords
  2 iron dragons
  4 spectral caustic shrikes (Depths:2)
  15 vault wardens
  A ghost moth (Depths:2)
  2 spectral juggernauts (Depths:4)
  3 ghouls (Swamp:2)
  2 deep elf elementalists (Elf:3)
  2 draconian shifters
  2 draconian annihilators (Zot:5)
  22 ironbound preservers
  5 quicksilver oozes (Slime:5)
  5 spriggan defenders
  A draconian stormcaller (Abyss:4)
  21 very ugly things
  15 stone giants
  4 war gargoyles
  3 ironbound thunderhulks
  A caustic shrike skeleton (Depths:2)
  7 vampire knights
  4 deep elf demonologists
  5 eleionomae (Swamp:1)
  7 deep elf annihilators
  3 green draconians
  4 black draconians
  4 entropy weavers
  3 spectral titans (Depths:4)
  3 bunyips
  17 starcursed masses
  8 dire elephants
  7 purple draconians
  5 spark wasps
  A yellow draconian (Zot:5)
  5 white draconians
  The ghost of SlaveLabor the Severer, a journeyman MiFi of Okawaru (Lair:1)
  5 deep elf death magi (Elf:3)
  7 red draconians
  5 jiangshi
  16 ettins
  6 deep elf high priests (Elf:3)
  7 yaktaur captains
  A spectral golden dragon (Depths:4)
  10 great orbs of eyes
  A shambling mangrove (Swamp:4)
  5 fire dragons
  38 vault guards
  A hell beast (D:7)
  16 hydras
  9 boulder beetles
  A spectral tengu (Depths:4)
  9 spriggan air magi
  The ghost of kae the Zephyrmancer, a journeyman OgAE of Gozag (D:11)
  4 rakshasas
  20 naga warriors
  3 salamander tyrants
  2 peacekeepers
  A boulder beetle (shapeshifter) (Vaults:5)
  13 ironbound frosthearts
  5 ogre magi
  14 ice dragons
  17 anacondas
  4 two-headed ogres
  2 juggernaut simulacra (Depths:4)
  10 centaur warriors
  8 tengu warriors
  A ghost crab (Swamp:1)
  2 death knights
  22 dancing weapons
  10 alligators
  Erica (D:8)
  12 deep troll shamans
  3 vampire magi
  4 death yaks (Lair:4)
  11 deep troll earth magi
  A soul eater (Depths:1)
  An orc high priest (Orc:2)
  4 hell hogs (D:15)
  A titan zombie (Depths:2)
  9 shock serpents
  14 naga sharpshooters
  6 spriggan berserkers
  9 thrashing horrors
  5 hell knights (Depths:2)
  6 wretched stars
  16 deep elf knights
  6 salamander mystics
  2 sixfirhies
  The ghost of initializr the Covert, a novice SpEn of Uskayaw (D:10)
  A goliath frog (shapeshifter) (Elf:1)
  A steelbarb worm (Snake:4)
  2 flayed ghosts (Depths:2)
  A spark wasp zombie (Depths:2)
  2 fire crabs
  6 goliath frogs
  6 glowing orange brains
  11 iron trolls
  A shadow demon (D:1)
  4 spriggan druids
  79 deep trolls
  A spriggan simulacrum (Depths:4)
  4 phantasmal warriors
  12 swamp dragons
  5 naga ritualists
  12 deep elf archers
  6 wizards
  7 lindwurms
  3 harpies
  4 bog bodies
  12 ironbound convokers
  18 deep elf zephyrmancers
  2 fire giant zombies (Depths:2)
  10 mana vipers
  5 necromancers (Depths:2)
  26 deep elf pyromancers
  8 shining eyes
  A wolf spider (shapeshifter) (D:15)
  4 orc knights
  8 will-o-the-wisps
  A frost giant zombie (Depths:2)
  5 manticores
  59 ugly things
  4 orc sorcerers
  7 cyclopes
  A worldbinder (Abyss:3)
  A cyclops (shapeshifter) (Depths:2)
  A sphinx skeleton (Depths:2)
  13 moths of wrath
  53 black mambas
  Joseph (D:7)
  21 salamanders
  A black mamba (shapeshifter) (D:15)
  An apocalypse crab (Abyss:3)
  12 guardian serpents
  12 naga magi
  8 cane toads
  3 eyes of devastation (Slime:5)
  6 smoke demons
  14 centaur zombies (D:13)
  14 vault sentinels
  2 gargoyles
  A hellion (D:3)
  A torpor snail (Lair:2)
  A rime drake (shapeshifter) (D:15)
  An orange demon (Depths:3)
  Psyche (D:9)
  8 komodo dragons
  3 kobold demonologists
  2 freezing wraiths (D:14)
  2 efreet
  A rime drake (Lair:5)
  6 tengu conjurers
  32 yaktaurs
  5 ancient zymes
  5 hellwings
  A tormentor (Abyss:2)
  9 trolls
  A red devil (D:15)
  A queen bee (shapeshifter) (Abyss:3)
  A queen bee (D:11)
  A meliai (shapeshifter) (Elf:3)
  5 polar bears
  A sphinx simulacrum (Depths:4)
  16 hornets
  7 raiju (Abyss:3)
  93 slime creatures
  A tarantella (shapeshifter) (Elf:3)
  2 tarantellas
  12 tyrant leeches
  11 blink frogs
  A raiju (shapeshifter) (D:15)
  A fire giant simulacrum (Depths:2)
  A spriggan zombie (Depths:2)
  A stone giant simulacrum (Depths:2)
  6 dream sheep (Lair:6)
  A jumping spider (Vaults:5)
  A centaur simulacrum (D:15)
  3 shadows
  3 air elementals
  4 water elementals
  27 spriggans
  A fire bat (Abyss:3)
  5 ynoxinuls
  35 yaks
  3 vampires
  5 wyverns
  3 wraiths (D:11)
  A hog (D:15)
  4 basilisks
  6 large abominations (Abyss:3)
  Grum (D:9)
  2 steam dragons
  9 vampire mosquitoes
  A neqoxec (Abyss:3)
  8 redbacks
  3 chaos spawn
  Menkaure (D:7)
  5 wargs
  51 nagas
  13 swamp worms
  An acid dragon (D:10)
  20 water moccasins
  4 floating eyes
  A human skeleton (Depths:2)
  6 swamp drakes
  37 orc warriors
  A sky beast (D:8)
  2 ice beasts
  7 black bears
  9 ogres
  46 wolves
  4 boggarts (Lair:6)
  19 centaurs
  3 phantoms
  11 kobold brigands
  4 small abominations
  A gnoll sergeant (D:10)
  2 scorpions
  2 necrophages
  12 bullfrogs
  A glowing shapeshifter simulacrum (Depths:4)
  4 earth elementals
  A human simulacrum (Depths:2)
  34 killer bees
  2 vampire bats (Orc:1)
  3 howler monkeys (D:10)
  4 electric eels
  3 hounds
  24 orc priests
  A gnoll shaman (D:6)
  3 jellies
  5 iguanas
  29 orc wizards
  Ijyb (D:4)
  The ghost of jt the Sneak, a weakling GrDe (D:5)
  7 gnolls
  9 adders
  2 shadow imps (D:7)
  2 white imps
  An ufetubus (Abyss:4)
  A worm (D:5)
  3 dart slugs
  79 orcs
  6 ball pythons
  6 bats
  10 endoplasms
  6 giant cockroaches
  6 goblins
  7 hobgoblins
  8 quokkas
  3 training dummies (D:8)
  3 frilled lizards (D:1)
  17 kobolds
  4 rats
  A butterfly (Lair:1)
  2 starspawn tentacles (Abyss:4)
2239 creatures vanquished.

Vanquished Creatures (collateral kills)
  the Lernaean hydra (Swamp:4)
  Jorgrun (Orc:1)
  An Orb Guardian (Zot:5)
  Gastronok (Lair:1)
  A fenstrider witch (Swamp:4)
  Aizul (Swamp:4)
  An orc warlord (Orc:2)
  4 very ugly things
  2 ironbound thunderhulks (Vaults:4)
  Nessos (Lair:6)
  An eleionoma (Swamp:3)
  A dire elephant (Lair:6)
  Snorg (Orc:2)
  A spectral spriggan (Depths:4)
  A catoblepas (Lair:6)
  A hydra (Swamp:4)
  A centaur warrior (D:14)
  A death knight (D:14)
  A dancing weapon (Elf:2)
  A tengu warrior (Depths:2)
  A spriggan berserker (Depths:2)
  A deep troll (Vaults:4)
  2 swamp dragons (Swamp:4)
  An ironbound convoker (Vaults:4)
  An orc knight (Orc:2)
  An orc sorcerer (Orc:2)
  4 ugly things
  A manticore (D:14)
  A black mamba (Lair:6)
  A guardian serpent (Snake:1)
  A vault sentinel (Vaults:4)
  A freezing wraith (D:14)
  A slime creature (Lair:1)
  A wyvern (Lair:3)
  A basilisk (Lair:3)
  A vampire mosquito (D:14)
  A naga (Snake:1)
  2 wargs (Orc:2)
  2 swamp worms
  Pargi (Sewer)
  6 orc warriors
  2 ogres
  6 wolves (Lair:6)
  2 jellies (Lair:1)
  An orc priest (Orc:1)
  3 orc wizards (Orc:2)
  An adder (D:6)
  11 orcs
  2 giant cockroaches (D:3)
  2 quokkas (D:3)
  A bat (D:3)
  A rat (D:1)
88 creatures vanquished.

Vanquished Creatures (others)
  A black draconian (Zot:5)
  A deep elf annihilator (Elf:2)
  A fire dragon (Depths:1)
  An alligator (Swamp:2)
  2 deep elf knights (Elf:3)
  A deep elf archer (Elf:3)
  A deep elf zephyrmancer (Elf:2)
  A slime creature (Slime:3)
  A bloated husk (Swamp:2)
  A human (D:15)
  An earth elemental (Elf:3)
  A crimson imp (Abyss:3)
  An orc (Orc:1)
  22 foxfires
  23 fungi
  71 plants
130 creatures vanquished.

Grand Total: 2457 creatures vanquished

Notes
Turn   | Place    | Note
-------+----------+-------------------------------------------
     0 | D:1      | Sergey the Barachi Hedge Wizard began the quest for the
                  | Orb.
     0 | D:1      | Reached XP level 1. HP: 13/13 MP: 4/4
   681 | D:1      | Reached XP level 2. HP: 19/19 MP: 3/6
   725 | D:1      | Learned a level 2 spell: Call Imp
   728 | D:1      | Learned a level 2 spell: Blink
  1421 | D:1      | Reached XP level 3. HP: 24/24 MP: 1/7
  2463 | D:2      | Found Enwiewn's Assorted Antiques.
  2534 | D:2      | Bought a viscous coppery potion for 25 gold pieces
  2534 | D:2      | Bought a scroll labelled DASAONLOPE for 28 gold pieces
  2534 | D:2      | Bought a scroll labelled OTUTOIZ SEOQA for 28 gold pieces
  2761 | D:2      | Found a faded altar of an unknown god.
  2772 | D:2      | Prayed at the altar of an unknown god.
  2772 | D:2      | Became a worshipper of Qazlal Stormbringer
  2772 | D:2      | Reached * piety under Qazlal
  3555 | D:2      | Bought a scroll of identify for 56 gold pieces
  3586 | D:2      | Reached skill level 1 in Fighting
  3586 | D:2      | Reached XP level 4. HP: 15/32 MP: 1/10
  3856 | D:3      | Found a glowing drain.
  3878 | D:3      | Learned a level 3 spell: Conjure Flame
  3896 | Sewer    | Entered a sewer
  3923 | Sewer    | Noticed Pargi
  4085 | Sewer    | Killed Pargi
  4086 | Sewer    | Reached XP level 5. HP: 39/39 MP: 6/11
  4231 | Sewer    | Reached ** piety under Qazlal
  4521 | D:3      | Reached XP level 6. HP: 47/47 MP: 4/12
  5445 | D:4      | Reached skill level 1 in Invocations
  5615 | D:4      | Reached skill level 1 in Short Blades
  5676 | D:4      | Reached XP level 7. HP: 42/53 MP: 1/13
  5844 | D:4      | Noticed Ijyb
  5865 | D:4      | Killed Ijyb
  6732 | D:5      | Entered Level 5 of the Dungeon
  6734 | D:5      | Found a runed translucent door.
  6734 | D:5      | Noticed jt's ghost (weakling GrDe)
  7418 | D:5      | Reached skill level 5 in Fighting
  7721 | D:5      | Reached XP level 8. HP: 42/62 MP: 10/14
  7726 | D:5      | Learned a level 4 spell: Flame Wave
  8416 | D:6      | Reached *** piety under Qazlal
  9641 | D:6      | Found a staircase to the Ecumenical Temple.
  9671 | D:6      | Reached skill level 5 in Spellcasting
  9949 | D:6      | Learned a level 1 spell: Apportation
 10198 | D:6      | Found a staircase to the Ecumenical Temple.
 10682 | D:7      | Noticed Menkaure
 10793 | D:7      | Killed Menkaure
 10794 | D:7      | Reached skill level 5 in Invocations
 10810 | D:7      | Noticed Joseph
 10839 | D:7      | Killed Joseph
 10840 | D:7      | Reached skill level 5 in Conjurations
 10840 | D:7      | Reached skill level 5 in Fire Magic
 10840 | D:7      | Reached XP level 9. HP: 40/71 MP: 16/16
 11590 | D:7      | Learned a level 3 spell: Inner Flame
 12040 | D:7      | Reached skill level 1 in Evocations
 13190 | D:8      | Noticed Erica
 13209 | D:8      | Found Osmaim's Firing Range.
 13390 | D:8      | Found a radiant altar of Vehumet.
 13916 | D:8      | Killed Erica
 14282 | D:8      | Bought a throwing net for 36 gold pieces
 14282 | D:8      | Bought a throwing net for 36 gold pieces
 14375 | D:8      | Reached skill level 5 in Long Blades
 14551 | D:8      | Found Osmaim's Firing Range.
 15300 | D:9      | Reached XP level 10. HP: 79/79 MP: 17/17
 15941 | D:9      | Noticed Psyche
 16107 | D:9      | Reached skill level 5 in Dodging
 16157 | D:10     | Entered Level 10 of the Dungeon
 16399 | D:10     | Found Vezxyl's Weapon Shoppe.
 16702 | D:10     | Found Asaent's Weapon Shop.
 16736 | D:10     | Noticed initializr's ghost (novice SpEn)
 16738 | D:10     | Found Erogetzyb's Distillery.
 16825 | D:10     | Found Poirhiah's Jewellery Shop.
 17105 | D:10     | Found Jeocitao's Distillery.
 17108 | D:10     | Bought a potion of heal wounds for 75 gold pieces
 17108 | D:10     | Bought a potion of haste for 150 gold pieces
 17154 | D:10     | Bought a potion of brilliance for 52 gold pieces
 17159 | D:10     | Found a runed translucent door.
 17858 | D:9      | Killed Psyche
 18134 | D:9      | Noticed Grum
 18153 | D:8      | Reached XP level 11. HP: 37/89 MP: 20/20
 18241 | D:9      | Killed Grum
 18493 | D:5      | Killed jt's ghost
 18609 | D:2      | Bought a scroll of identify for 56 gold pieces
 18609 | D:2      | Bought a scroll of identify for 56 gold pieces
 19168 | D:11     | Found a staircase to the Lair.
 19191 | D:11     | Found a staircase to the Orcish Mines.
 19638 | D:10     | Reached **** piety under Qazlal
 19756 | D:11     | Identified a scroll of acquirement
 19781 | D:11     | Noticed a six-headed hydra
 19869 | D:11     | Noticed a cyclops
 20022 | D:11     | Killed a cyclops
 20168 | D:11     | Found a runed translucent gate.
 20168 | D:11     | Found a runed translucent gate.
 20168 | D:11     | Found a runed translucent gate.
 20168 | D:11     | Noticed kae's ghost (journeyman OgAE)
 20203 | D:11     | Killed a five-headed hydra
 20313 | Lair:1   | Entered Level 1 of the Lair of Beasts
 20679 | Lair:1   | Learned a level 2 spell: Corpse Rot
 20722 | Lair:1   | Reached skill level 1 in Air Magic
 20852 | Lair:1   | Reached skill level 1 in Necromancy
 20887 | Lair:1   | Noticed Gastronok
 20894 | Lair:1   | Killed Gastronok
 20895 | Lair:1   | Reached skill level 10 in Fighting
 20895 | Lair:1   | Reached XP level 12. HP: 97/97 MP: 7/21
 21180 | Lair:1   | Found a runed translucent gate.
 21180 | Lair:1   | Found a runed translucent gate.
 21183 | Lair:1   | Found a runed translucent gate.
 21184 | Lair:1   | Noticed SlaveLabor's ghost (journeyman MiFi)
 21187 | Lair:1   | Found a viscous altar of Jiyva.
 21424 | Lair:1   | Killed SlaveLabor's ghost
 22260 | Lair:2   | Noticed a five-headed hydra
 22272 | Lair:2   | Killed a one-headed hydra
 22412 | Lair:2   | Found a white marble altar of Elyvilon.
 22489 | Lair:2   | Noticed a seven-headed hydra
 22503 | Lair:2   | Killed a four-headed hydra
 22504 | Lair:2   | Reached skill level 10 in Dodging
 23259 | Lair:3   | Noticed a boulder beetle
 23381 | Lair:3   | Gained mutation: You can hop long distances. [Barachi
                  | growth]
 23381 | Lair:3   | Reached XP level 13. HP: 106/108 MP: 17/22
 23387 | Lair:3   | Identified the +11 flail of Kuotwail {venom, +Blink Str+2
                  | Dex+3}
 23748 | Lair:3   | Found a staircase to the Snake Pit.
 24187 | Lair:4   | Reached skill level 15 in Dodging
 24480 | Lair:4   | Found a staircase to the Swamp.
 24697 | Lair:4   | Reached skill level 10 in Long Blades
 25785 | Lair:5   | Found a runed translucent door.
 25785 | Lair:5   | Found a viscous altar of Jiyva.
 25785 | Lair:5   | Noticed an acid blob
 25787 | Lair:5   | Noticed an acid blob
 25790 | Lair:5   | Found a staircase to the Slime Pits.
 26269 | Lair:6   | Entered Level 6 of the Lair of Beasts
 26313 | Lair:6   | Noticed a dire elephant
 26338 | Lair:6   | Killed a dire elephant
 26348 | Lair:6   | Reached skill level 5 in Evocations
 26456 | Lair:6   | Noticed Nessos
 26470 | Lair:6   | Killed Nessos
 26481 | Lair:6   | Reached XP level 14. HP: 85/115 MP: 14/23
 27001 | Lair:6   | Acquired the +0 pair of fencer's gloves {Riposte Dex+3}
 27001 | Lair:6   | Found the +0 pair of fencer's gloves {Riposte Dex+3}
 27554 | Lair:6   | Identified the +1 robe of Miracles {rF+ Str-3 Dex+5}
 29219 | D:13     | Reached ***** piety under Qazlal
 29238 | D:13     | Found a basalt altar of Yredelemnul.
 29265 | D:13     | Reached skill level 10 in Invocations
 29475 | D:13     | Reached XP level 15. HP: 126/126 MP: 25/25
 30450 | D:14     | Identified the amulet of Tullay {Faith rN+}
 30573 | D:14     | Found a gate to the Vaults.
 31028 | D:14     | Found a blossoming altar of Fedhas.
 31338 | D:15     | Entered Level 15 of the Dungeon
 31450 | Orc:1    | Entered Level 1 of the Orcish Mines
 31478 | Orc:1    | Found a bloodstained altar of Trog.
 31576 | Orc:1    | Reached skill level 1 in Armour
 31701 | D:11     | Killed kae's ghost
 32062 | Orc:2    | Entered Level 2 of the Orcish Mines
 32065 | Orc:2    | Noticed Jorgrun
 32224 | Orc:1    | Killed Jorgrun
 32505 | Orc:2    | Noticed Snorg
 32512 | Orc:2    | Killed Snorg
 32577 | Orc:2    | Noticed an orc warlord
 32596 | Orc:2    | Killed an orc warlord
 32925 | Orc:2    | Noticed an orc warlord
 32929 | Orc:2    | Noticed an orc warlord
 32938 | Orc:2    | Killed an orc warlord
 33185 | Orc:1    | Killed an orc warlord
 33221 | Orc:2    | Reached XP level 16. HP: 134/134 MP: 28/28
 33266 | Orc:2    | Noticed Donald
 33271 | Orc:2    | Reached skill level 5 in Armour
 33271 | Orc:2    | Noticed Donald
 33271 | Orc:2    | Donald changed into Donald the tyrant leech
 33278 | Orc:2    | Killed Donald the tyrant leech
 33291 | Orc:2    | Found a staircase to the Elven Halls.
 33417 | Orc:2    | Found Hogaech's Antique Weapon Boutique.
 33429 | Orc:2    | Found Geem's General Store.
 33486 | Orc:2    | Reached skill level 15 in Fighting
 33496 | Orc:2    | Bought a scroll of teleportation for 36 gold pieces
 33496 | Orc:2    | Bought a scroll of teleportation for 36 gold pieces
 33496 | Orc:2    | Bought a scroll of identify for 24 gold pieces
 33689 | Orc:2    | Found Zyudd's Jewellery Boutique.
 33704 | Orc:2    | Found Munkiadghyb's Antique Armour Boutique.
 33795 | Orc:1    | Found Tiewirhe's Assorted Antiques.
 33891 | Orc:1    | Bought a short ivory wand for 96 gold pieces
 34444 | D:15     | Noticed Kirke
 34473 | D:15     | Killed Kirke
 34786 | D:15     | Found a staircase to the Depths.
 35424 | Swamp:1  | Entered Level 1 of the Swamp
 35432 | Swamp:1  | Reached skill level 15 in Long Blades
 36042 | Swamp:1  | Identified the +4 trident "Yppov" {freeze, Fly rPois rC-}
 36558 | Swamp:1  | Learned a level 5 spell: Irradiate
 36620 | Swamp:2  | Reached skill level 1 in Transmutations
 37951 | Swamp:3  | Reached XP level 17. HP: 142/142 MP: 17/29
 38561 | Swamp:4  | Entered Level 4 of the Swamp
 38657 | Swamp:3  | Reached skill level 5 in Transmutations
 38966 | Swamp:4  | Noticed Aizul
 38981 | Swamp:4  | Killed Aizul
 39131 | Swamp:4  | Paralysed by a fenstrider witch for 3 turns
 39651 | Swamp:4  | Noticed the 27-headed Lernaean hydra
 39660 | Swamp:4  | Killed the 27-headed Lernaean hydra
 39912 | Swamp:4  | Got a decaying rune of Zot
 40081 | Snake:1  | Entered Level 1 of the Snake Pit
 40223 | Snake:1  | Got Etahe's Volume of Transmutation and Arcane Weapons
 40233 | Snake:1  | Learned a level 6 spell: Statue Form
 40380 | Snake:1  | Reached skill level 1 in Shields
 40465 | Snake:1  | Reached skill level 1 in Earth Magic
 40878 | Snake:1  | Identified the ring "Pemuwan" {rF+ rC+ Str+6}
 41081 | Snake:1  | Reached XP level 18. HP: 129/151 MP: 30/30
 41115 | Snake:1  | Found Hewud's Book Emporium.
 41117 | Snake:1  | Found Anech's Jewellery Shop.
 41117 | Snake:1  | Found Kogetul's Jewellery Shop.
 41293 | Snake:1  | You fall into a shaft and drop 1 floor!
 43196 | Orc:2    | Bought the +11 plutonium sword {Contam Stlth-} for 2300
                  | gold pieces
 43196 | Orc:2    | Found the +11 plutonium sword {Contam Stlth-}
 43622 | Snake:3  | Identified the +0 helmet of Midsummer {rPois Dex-3 SInv}
 44276 | Snake:4  | Entered Level 4 of the Snake Pit
 44420 | Snake:3  | Gained mutation: You are dopey. (Int -2) [mutagenic glow]
 44844 | Snake:4  | Reached skill level 5 in Earth Magic
 44875 | Snake:4  | Found a radiant altar of Vehumet.
 45247 | Snake:4  | Reached skill level 10 in Transmutations
 46302 | Snake:4  | Reached skill level 10 in Spellcasting
 46302 | Snake:4  | Reached XP level 19. HP: 155/159 MP: 31/33
 47000 | Snake:4  | Got a serpentine rune of Zot
 47267 | Elf:1    | Entered Level 1 of the Elven Halls
 47298 | Elf:1    | Reached ****** piety under Qazlal
 47462 | Elf:1    | Found Doqaam's Assorted Antiques.
 47465 | Elf:1    | Found Diowoyn's Jewellery Boutique.
 47475 | Elf:1    | Found Kephim's Assorted Antiques.
 47736 | Elf:1    | Paralysed by an air elemental for 1 turns
 48031 | Elf:1    | Found a portal to a secret trove of treasure.
 48702 | Elf:2    | Found a huge runed translucent gate.
 48702 | Elf:2    | Found a huge runed translucent gate.
 48702 | Elf:2    | Found a huge runed translucent gate.
 48702 | Elf:2    | Found a huge runed translucent gate.
 48702 | Elf:2    | Found a huge runed translucent gate.
 49030 | Elf:2    | Gained mutation: You are clumsy. (Dex -2) [mutagenic glow]
 49038 | Elf:2    | Gained mutation: Armour fits poorly on your strangely
                  | shaped body. [a shining eye]
 49061 | Elf:2    | Identified the +4 bardiche "Qabez" {elec, rPois}
 49287 | Elf:3    | Entered Level 3 of the Elven Halls
 49296 | Elf:3    | Reached XP level 20. HP: 170/170 MP: 22/34
 49445 | Elf:3    | Reached skill level 10 in Earth Magic
 50146 | Elf:3    | Noticed a Tzitzimitl
 50148 | Elf:3    | Paralysed by an air elemental for 1 turns
 50624 | Elf:3    | Identified the +9 mace of Ikoj {venom, *Rage rElec rPois
                  | rF+}
 50876 | Elf:3    | Identified the +11 long sword of the Salmon {freeze, Int+3
                  | Dex+3}
 50957 | Elf:3    | Gained mutation: You occasionally shout uncontrollably at
                  | your foes. [mutagenic glow]
 50974 | Elf:3    | Gained mutation: You have hidden genetic defects.
                  | [mutagenic glow]
 51056 | Elf:3    | Got Sif Muna's Collected Works on Stolen Souls and Ice
 51130 | Elf:3    | Got the Disquisition on Poisoning and the Rocks
 51440 | Vaults:1 | Entered Level 1 of the Vaults
 51690 | Snake:1  | Bought a manual of Invocations for 1120 gold pieces
 52218 | Vaults:1 | Found Asoura's Antique Weapon Shoppe.
 52515 | Vaults:1 | Gained mutation: You tend to lose your temper in combat.
                  | [hidden defects]
 52553 | Vaults:1 | Lost mutation: You tend to lose your temper in combat.
                  | [potion of mutation]
 52553 | Vaults:1 | Lost mutation: You occasionally shout uncontrollably at
                  | your foes. [potion of mutation]
 52553 | Vaults:1 | Lost mutation: You are dopey. (Int -2) [potion of mutation]
 52553 | Vaults:1 | Gained mutation: You expend magic power (3 MP) to
                  | strengthen your wands. [potion of mutation]
 52553 | Vaults:1 | Gained mutation: You have sharp fingernails. [potion of
                  | mutation]
 53361 | Vaults:2 | Reached XP level 21. HP: 182/182 MP: 30/35
 53371 | Vaults:2 | Gained mutation: You tend to lose your temper in combat.
                  | [hidden defects]
 53371 | Vaults:2 | Lost mutation: You have hidden genetic defects. [hidden
                  | defects expressed]
 53382 | Vaults:2 | Lost mutation: You expend magic power (3 MP) to strengthen
                  | your wands. [potion of mutation]
 53382 | Vaults:2 | Lost mutation: You tend to lose your temper in combat.
                  | [potion of mutation]
 53382 | Vaults:2 | Gained mutation: You have large cloven feet. [potion of
                  | mutation]
 53382 | Vaults:2 | Gained mutation: Your muscles are strong. (Str +2) [potion
                  | of mutation]
 53932 | Vaults:2 | Reached skill level 15 in Invocations
 54329 | Vaults:2 | Found a staircase to the Crypt.
 54329 | Vaults:2 | Found an ancient bone altar of Kikubaaqudgha.
 54330 | Vaults:2 | Found a basalt altar of Yredelemnul.
 54703 | Vaults:3 | Found Awnol's Assorted Antiques.
 55548 | Vaults:3 | Identified the +0 cloak of Onutech {rN+ Str+3 Stlth+}
 56519 | Vaults:3 | Bought a shiny helmet for 337 gold pieces
 56603 | Vaults:4 | Reached XP level 22. HP: 191/191 MP: 36/36
 58227 | Depths:1 | Entered Level 1 of the Depths
 58592 | Depths:1 | You fall into a shaft and drop 1 floor!
 58600 | Depths:2 | Noticed a juggernaut
 58627 | Depths:2 | Noticed a golden dragon
 58629 | Depths:2 | Killed a golden dragon
 58657 | Depths:2 | Reached XP level 23. HP: 76/200 MP: 15/39
 58681 | Depths:2 | Killed a juggernaut
 59483 | Depths:2 | Identified the ring "Zouplaku" {+Blink rElec rPois Int+3
                  | Stlth+}
 59513 | Depths:2 | Learned a level 2 spell: Passwall
 59597 | Depths:2 | Found Lostyd's Assorted Antiques.
 59655 | Depths:2 | Bought a scroll of teleportation for 126 gold pieces
 59655 | Depths:2 | Bought a scroll of magic mapping for 147 gold pieces
 59658 | Depths:2 | Found a one-way gateway to a ziggurat.
 59700 | Depths:2 | Found a one-way gate leading to the halls of Pandemonium.
 59723 | Depths:2 | Found a gateway to Hell.
 60093 | Depths:2 | Found a sparkling altar of Nemelex Xobeh.
 60433 | Vaults:3 | Bought a scroll of blinking for 337 gold pieces
 60668 | Elf:1    | Bought a scroll of enchant armour for 240 gold pieces
 60668 | Elf:1    | Bought a scroll of blinking for 240 gold pieces
 60668 | Elf:1    | Bought a scroll of fear for 112 gold pieces
 60737 | Orc:2    | Bought the amulet "Guepyediph" {Faith rCorr} for 736 gold
                  | pieces
 60814 | Elf:1    | Bought a bound iron ring for 180 gold pieces
 60814 | Elf:1    | Identified the ring "Laboguidd" {Drain rF+ Str+6 Int+9
                  | Dex+4} (You bought it in a shop on level 1 of the Elven
                  | Halls)
 61089 | Depths:1 | Noticed the Enchantress
 61102 | Depths:1 | Killed the Enchantress
 61963 | Depths:1 | Noticed Saint Roka
 61975 | Depths:1 | Killed Saint Roka
 62271 | Depths:3 | Noticed a golden dragon
 62276 | Depths:3 | Killed a golden dragon
 62288 | Depths:3 | Noticed a golden dragon
 62291 | Depths:3 | Noticed a caustic shrike
 62291 | Depths:3 | a golden dragon changed into a caustic shrike
 62303 | Depths:3 | Killed a caustic shrike
 62418 | Depths:3 | Reached XP level 24. HP: 210/210 MP: 35/39
 62558 | Depths:3 | Found a one-way gate to the infinite horrors of the Abyss.
 62772 | Depths:3 | Gained mutation: You are frail. (-10% HP) [mutagenic glow]
 62939 | Depths:3 | Noticed a caustic shrike
 62958 | Depths:3 | Killed a caustic shrike
 63071 | Depths:3 | Found the +5 glaive of the Guard {elec, spectral, AC+5}
 63314 | Depths:3 | Identified the ring of Noatabb {Fire Will+ Int+2}
 63468 | Depths:3 | Acquired 1059 gold pieces
 63655 | Depths:3 | Found a stormy altar of Qazlal.
 63796 | Depths:4 | Entered Level 4 of the Depths
 64454 | Depths:4 | Found an opulent altar of Gozag.
 64463 | Depths:4 | Paralysed by a vampire knight for 2 turns
 64515 | Depths:4 | Noticed Sojobo
 64521 | Depths:4 | Paralysed by an air elemental for 1 turns
 64521 | Depths:4 | Gained mutation: You sometimes lose the ability to read
                  | scrolls when taking damage. [mutagenic glow]
 64523 | Depths:4 | Paralysed by an air elemental for 1 turns
 64534 | Depths:4 | Gained mutation: You passively map a small area around you.
                  | [mutagenic glow]
 64540 | Depths:4 | Killed Sojobo
 64566 | Depths:4 | Lost mutation: You passively map a small area around you.
                  | [potion of mutation]
 64566 | Depths:4 | Lost mutation: You are frail. (-10% HP) [potion of
                  | mutation]
 64566 | Depths:4 | Lost mutation: Armour fits poorly on your strangely shaped
                  | body. [potion of mutation]
 64566 | Depths:4 | Gained mutation: You have hoof-like feet. [potion of
                  | mutation]
 64566 | Depths:4 | Gained mutation: You have an increased reservoir of magic.
                  | (+10% MP) [potion of mutation]
 64566 | Depths:4 | Gained mutation: You possess an exceptional clarity of
                  | mind. [potion of mutation]
 64567 | Depths:4 | Lost mutation: Your muscles are strong. (Str +2) [potion of
                  | mutation]
 64567 | Depths:4 | Lost mutation: You are clumsy. (Dex -2) [potion of
                  | mutation]
 64567 | Depths:4 | Gained mutation: You are frail. (-10% HP) [potion of
                  | mutation]
 64567 | Depths:4 | Gained mutation: Your body sometimes deteriorates upon
                  | taking damage. [potion of mutation]
 64567 | Depths:4 | Gained mutation: Your muscles are strong. (Str +2) [potion
                  | of mutation]
 64568 | Depths:4 | Lost mutation: You have sharp fingernails. [potion of
                  | mutation]
 64568 | Depths:4 | Lost mutation: Your body sometimes deteriorates upon taking
                  | damage. [potion of mutation]
 64568 | Depths:4 | Gained mutation: You have a considerably increased
                  | reservoir of magic. (+20% MP) [potion of mutation]
 64568 | Depths:4 | Lost mutation: You possess an exceptional clarity of mind.
                  | [potion of mutation]
 64569 | Depths:4 | Lost mutation: You are frail. (-10% HP) [potion of
                  | mutation]
 64569 | Depths:4 | Lost mutation: You have hoof-like feet. [potion of
                  | mutation]
 64569 | Depths:4 | Lost mutation: You have a considerably increased reservoir
                  | of magic. (+20% MP) [potion of mutation]
 64569 | Depths:4 | Gained mutation: Armour fits poorly on your strangely
                  | shaped body. [potion of mutation]
 64569 | Depths:4 | Gained mutation: You are frail. (-10% HP) [potion of
                  | mutation]
 64569 | Depths:4 | Gained mutation: You are partially covered in large bone
                  | plates. (SH +4) [potion of mutation]
 64570 | Depths:4 | Lost mutation: You are partially covered in large bone
                  | plates. (SH +4) [potion of mutation]
 64570 | Depths:4 | Lost mutation: You are frail. (-10% HP) [potion of
                  | mutation]
 64570 | Depths:4 | Lost mutation: You have an increased reservoir of magic.
                  | (+10% MP) [potion of mutation]
 64570 | Depths:4 | Gained mutation: You are somewhat resistant to further
                  | mutation. [potion of mutation]
 64776 | D:10     | Bought a potion of haste for 130 gold pieces
 64776 | D:10     | Bought a potion of curing for 39 gold pieces
 64776 | D:10     | Bought a potion of cancellation for 104 gold pieces
 64776 | D:10     | Bought a potion of mutation for 104 gold pieces
 64776 | D:10     | Bought 2 potions of heal wounds for 130 gold pieces
 64776 | D:10     | Lost mutation: You have large cloven feet. [potion of
                  | mutation]
 64776 | D:10     | Lost mutation: You sometimes lose the ability to read
                  | scrolls when taking damage. [potion of mutation]
 64776 | D:10     | Lost mutation: Armour fits poorly on your strangely shaped
                  | body. [potion of mutation]
 64776 | D:10     | Gained mutation: You have a pair of small antennae on your
                  | head. [potion of mutation]
 64801 | D:10     | Killed initializr's ghost
 64809 | D:10     | Got Sif Muna's Almanac of Earth
 65136 | Depths:4 | Found a runed translucent gate.
 65227 | Depths:4 | Found a gate to the Realm of Zot.
 65256 | Depths:4 | Found a runed translucent gate.
 65256 | Depths:4 | Found a runed translucent gate.
 65277 | Depths:4 | Noticed Umaschye's ghost (adept DECj)
 65277 | Depths:4 | Noticed an ancient lich
 65305 | Depths:4 | Killed Umaschye's ghost
 65562 | Depths:4 | Killed an ancient lich
 65627 | Depths:4 | Identified the +2 hat of Duntuf {Drain Dex+4 Slay+2 Stlth+}
 65740 | Depths:4 | Reached XP level 25. HP: 221/221 MP: 39/39
 65949 | Depths:4 | Found Dafieqot's General Store.
 65958 | Depths:4 | Bought the +0 pair of boots "Rychinei" {rF+ Str+3} for 322
                  | gold pieces
 65958 | Depths:4 | Bought a scroll of teleportation for 39 gold pieces
 65958 | Depths:4 | Bought a potion of haste for 130 gold pieces
 66022 | Depths:4 | Found Ucify's Jewellery Shop.
 66041 | Depths:4 | Found Meqibb's Assorted Antiques.
 66044 | Depths:4 | Found Cogigre's General Store.
 66056 | Depths:4 | Bought a potion of haste for 160 gold pieces
 66056 | Depths:4 | Bought a +0 cloak of willpower for 184 gold pieces
 66193 | Depths:4 | Voluntarily entered the Abyss.
 66552 | Depths:4 | Escaped the Abyss
 66660 | Depths:4 | Voluntarily entered the Abyss.
 66666 | Abyss:2  | Found a corrupted altar of Lugonu.
 66764 | Abyss:3  | Found a corrupted altar of Lugonu.
 66853 | Abyss:4  | Reached XP level 26. HP: 227/227 MP: 38/40
 66853 | Abyss:4  | Reached XP level 27. HP: 233/233 MP: 38/40
 66853 | Abyss:4  | Got an abyssal rune of Zot
 66860 | Depths:4 | Escaped the Abyss
 67221 | Elf:1    | You showed the abyssal rune of Zot to enter a treasure
                  | trove
 67222 | Trove    | Entered a treasure trove
 67224 | Trove    | Found a bloodstained altar of Trog.
 67238 | Trove    | Identified the +1 great sword "Oreenaon" {flame, Str+4}
 67599 | Vaults:5 | Entered Level 5 of the Vaults
 67631 | Vaults:5 | Noticed an ancient lich
 67640 | Vaults:5 | Killed an ancient lich
 67800 | Vaults:5 | Identified the ring "Buonkae" {Fire Contam Will+ Int+4
                  | Dex+3}
 67888 | Vaults:5 | Found Ceguanam's Armour Boutique.
 67987 | Vaults:5 | Identified the ring "Mouleapn" {Wiz rC- Int+6 SInv}
 68481 | Vaults:5 | Found Bixouxush's Magic Scroll Shop.
 68487 | Vaults:5 | Bought a scroll of summoning for 209 gold pieces
 68487 | Vaults:5 | Bought a scroll of magic mapping for 77 gold pieces
 68487 | Vaults:5 | Bought a scroll of blinking for 165 gold pieces
 68487 | Vaults:5 | Bought a scroll of teleportation for 66 gold pieces
 68487 | Vaults:5 | Bought a scroll of teleportation for 66 gold pieces
 68508 | Vaults:5 | Identified the +8 trident of Fate {vamp, rPois Int+2
                  | Stlth+}
 68615 | Vaults:5 | Reached skill level 15 in Spellcasting
 68634 | Vaults:5 | Found Ulyca's Magic Scroll Boutique.
 68639 | Vaults:5 | Bought a scroll of teleportation for 36 gold pieces
 68639 | Vaults:5 | Bought a scroll of teleportation for 36 gold pieces
 68646 | Vaults:5 | Found Cimud's Magic Scroll Shoppe.
 68646 | Vaults:5 | Found Dorhy's Magic Scroll Shop.
 68651 | Vaults:5 | Bought a scroll of fog for 22 gold pieces
 68651 | Vaults:5 | Bought a scroll of teleportation for 33 gold pieces
 68687 | Vaults:5 | Found Afuemp's Distillery.
 68916 | Vaults:5 | Identified the +9 demon trident "Hicivvu" {pain, rPois
                  | Dex+3}
 69016 | Vaults:5 | Found the +8 orange crystal plate armour {Archmagi, Int+3
                  | Clar}
 69023 | Vaults:5 | Got a silver rune of Zot
 69463 | Slime:1  | Entered Level 1 of the Pits of Slime
 69665 | Slime:3  | Gained mutation: You are frail. (-10% HP) [a shining eye]
 69689 | Slime:4  | Gained mutation: You sometimes lose the ability to read
                  | scrolls when taking damage. [a shining eye]
 69690 | Slime:4  | Gained mutation: Your body sometimes deteriorates upon
                  | taking damage. [a shining eye]
 69692 | Slime:4  | Lost mutation: Your body sometimes deteriorates upon taking
                  | damage. [potion of mutation]
 69692 | Slime:4  | Lost mutation: Your muscles are strong. (Str +2) [potion of
                  | mutation]
 69692 | Slime:4  | Lost mutation: You sometimes lose the ability to read
                  | scrolls when taking damage. [potion of mutation]
 69724 | Slime:5  | Entered Level 5 of the Pits of Slime
 69767 | Slime:5  | Noticed the Royal Jelly
 69780 | Slime:5  | Killed the Royal Jelly
 69915 | Slime:5  | Paralysed by a floating eye for 2 turns
 70092 | Slime:5  | Identified the ring "Widd" {Fire rPois Str+3 SInv}
 70096 | Slime:5  | Got a slimy rune of Zot
 70177 | Slime:5  | Got Ahuc's Guide on Black Secrets and Weightlessness
 70577 | Zot:1    | Entered Level 1 of the Realm of Zot
 71000 | Vaults:5 | Bought a potion of haste for 110 gold pieces
 71000 | Vaults:5 | Bought a potion of haste for 110 gold pieces
 71000 | Vaults:5 | Bought a potion of haste for 110 gold pieces
 71000 | Vaults:5 | Bought a potion of haste for 110 gold pieces
 71000 | Vaults:5 | Bought a potion of resistance for 110 gold pieces
 71238 | D:10     | Bought a potion of mutation for 120 gold pieces
 71547 | Zot:2    | Noticed a dread lich
 71550 | Zot:2    | Found a transporter.
 72066 | Zot:5    | Entered Level 5 of the Realm of Zot
 72658 | Zot:5    | Noticed an orb of fire
 72659 | Zot:5    | Noticed an orb of fire
 72660 | Zot:5    | Noticed an orb of fire
 72662 | Zot:5    | Noticed an orb of fire
 72665 | Zot:5    | Noticed an orb of fire
 72673 | Zot:5    | Noticed an ancient lich
 72676 | Zot:5    | Killed an orb of fire
 72683 | Zot:5    | Killed an orb of fire
 72687 | Zot:5    | Killed an orb of fire
 72687 | Zot:5    | Noticed a dread lich
 72699 | Zot:5    | Killed an orb of fire
 72703 | Zot:5    | Killed an orb of fire
 72705 | Zot:5    | Killed an ancient lich
 72710 | Zot:5    | Killed a dread lich
 72903 | Zot:5    | Noticed an ancient lich
 72913 | Zot:5    | Killed an ancient lich
 73375 | Zot:5    | Got the Orb of Zot
 73445 | Zot:2    | Noticed a seraph
 73602 | Depths:1 | Noticed Muutawn the pandemonium lord
 73660 | Depths:1 | Noticed Biuvemec the pandemonium lord
 73701 | D:15     | Noticed Leisuh the pandemonium lord
 73743 | D:12     | Noticed Ytuikuxe the pandemonium lord
 73984 | D:1      | Noticed Weuh the pandemonium lord
 74030 | D:$      | Escaped with the Orb!

Illustrated notes

Levels and vault maps discovered:
D:1:      mrwooster_arrival_statue_3, layout_basic
D:2:      layout_basic, serial_shops,
          nicolae_shop_temple_entry_statues_fountains,
          shapermc_ecumenical_altar_pompeii
D:3:      layout_rooms, portal_sewer_entry_f, serial_bayou_ford_a
D:4:      layout_basic, uniq_ijyb
D:5:      layout_loops_corners, gammafunk_ghost_grave
D:6:      layout_basic, temple_doors_cd
D:7:      layout_rooms, serial_co_window_serial, co_window_paths_a,
          co_window_corner_a, co_window_of_opportunity_a,
          co_window_of_opportunity_a, co_window_of_opportunity_a,
          co_window_of_opportunity_a, co_window_broadway_b,
          co_window_broadway_a, co_window_unsneaky_path_a, glass_columns_c,
          glass_columns_b, glass_columns_a, grunt_decor_junction,
          chequers_serial_rivers_small_b, uniq_menkaure, uniq_joseph
D:8:      layout_gridville, nicolae_vehumet_altar_sigil,
          nicolae_shop_firing_range, uniq_erica
D:9:      layout_roguey, minmay_misc_feat_rugged, dk_noncrumbling_4,
          minmay_misc_feat_secret_circle, minivault_10,
          kennysheep_generic_room_2, uniq_psyche, uniq_grum
D:10:     layout_basic, serial_shops, shop, nicolae_shop_bloodbath_and_beyond,
          nicolae_inconvenience_store, nicolae_shop_trees, shop,
          hellmonk_ghost_big_iron, dreamdust_mushroom_princess,
          kennysheep_cluttered_room, chequers_mini_garden
D:11:     layout_roguey [special_room_bee], david_lair_shrubbed, orc_0_dummy,
          gammafunk_ghost_nasty_kobolds
D:12:     layout_roguey, nicolae_concentric_dashed_squares_mild
D:13:     layout_irregular_city, hangedman_decor_opposing,
          nicolae_yredelemnul_corpse_copse
D:14:     layout_irregular_city, lightli_vaults_fourway_checkpoint,
          serial_park_paths [serial_park_minivault_5x5_3], fedhas_altar_3
D:15:     gammafunk_enter_depths_forms, layout_irregular_city,
          minmay_fountain_box, uniq_kirke
Lair:1:   layout_chaotic_city, gammafunk_ghost_ooze, grunt_megastairs_4,
          infiniplex_staircase_pool, lemuel_fruit_fields, uniq_gastronok
Lair:2:   layout_regular_city, lemuel_oklob_altar, grunt_megastairs_3
Lair:3:   layout_misc_corridors, guppyfry_snake_entry_garden
Lair:4:   layout_cave_pods, skrybe_swamp_entry_bodies
Lair:5:   layout_roguey, slime_altar_2, serial_bayou, serial_bayou_pond_e,
          serial_bayou_crossing, serial_bayou_lagoon_a, serial_bayou_pond_d,
          infiniplex_staircase_pool_2
Lair:6:   minmay_lair_end_enchanted_forest, layout_gridlike,
          grunt_forest_large_clearings, uniq_nessos
Swamp:1:  layout_falls_marsh, serial_swamp_ruin, evilmike_swamp_ruin_house_6,
          evilmike_swamp_ruin_house_4, evilmike_swamp_ruin_house_5
Swamp:2:  layout_basic_swamp, evilmike_swamp_ruin_rubble_1
Swamp:3:  layout_basic_swamp, evilmike_swamp_ruin_house_3, swamp_pool1,
          nicolae_swamp_alligator_family
Swamp:4:  swamp_old_school, layout_basic_swamp, uniq_aizul
Snake:1:  layout_gridlike, drop_trap, serial_bayou_pond_c,
          nicolae_snake_storage_room, minmay_shop_grove
Snake:2:  layout_cave_shapes, nicolae_snake_lava_pool
Snake:3:  layout_chambers, drop_trap
Snake:4:  snake_pit_salamanders_mu, layout_onion_interference, basic_altar,
          st_stairs_3
Slime:1:  layout_caves
Slime:2:  layout_caves
Slime:3:  layout_caves
Slime:4:  layout_caves, basic_altar
Slime:5
Orc:1:    layout_caves, basic_altar, serial_shops, nicolae_shop_waterfront,
          hellmonk_bongcloud_opening, roderic_batcave, mines1_david
Orc:2:    grunt_orc_cross, layout_caves, uniq_donald, uniq_jorgrun, uniq_snorg
Elf:1:    eino_elf_arrival_the_gate, layout_rooms, enter_trove_5,
          minmay_elf_crystal_hexagon, nicolae_wooded_promenade
Elf:2:    elven_hall_of_blades_hangedman_alternative
          [mumra_blade_entry_bloodbath], layout_geoelf_octagon,
          dk_noncrumbling_3, nrook_mini_backslash
Elf:3:    minmay_elf_hall_not_hex, layout_gridlike, grunt_megastairs_5
Vaults:1: nicolae_vaults_shelves_hall, ontoclasm_vaults_ring_small,
          hangedman_vaults_corner, v_alt_pattern_2,
          nicolae_vaults_little_squares_6, layout_vaults_maze_bifur,
          serial_shops, nicolae_shop_hallway_plus
Vaults:2: minmay_crypt_entry_necro_gods, v_pattern_5, vaults_mumra_hex,
          nicolae_vaults_specimen_jars, nicolae_vaults_asterisk,
          ontoclasm_vaults_ligature, nicolae_vaults_ring_of_whatevers,
          layout_vaults_omnigrid
Vaults:3: nicolae_vaults_bisected_exclaves, ontoclasm_vaults_shout,
          nicolae_vaults_shelves_hall, hangedman_vaults_variations,
          hangedman_vaults_stream, nicolae_vaults_big_angled_halls,
          vaults_dpeg_doors, hangedman_vaults_impose, v_misc_28,
          nicolae_vaults_circle_grid_a, layout_vaults_big_cross, serial_shops,
          shop
Vaults:4: hangedman_vaults_pinch, hangedman_vaults_capsules, v_misc_17,
          v_misc_22, vaults_room_fancy_cross,
          nicolae_vaults_windows_and_doors_thing, hangedman_vaults_restitches,
          v_misc_3, vaults_room_pool, v_misc_12, ontoclasm_vaults_twist,
          vaults_dpeg_diagonal, layout_vaults_big_room
Vaults:5: serial_shops
Depths:1: layout_gridville, hell_entry, kennysheep_another_room,
          hangedman_aviary, serial_bayou_shore_a, uniq_saint_roka,
          uniq_enchantress
Depths:2: minmay_the_grid_square_5x5_5x5_mashed
          [minmay_the_grid_square_5x5_three, minmay_the_grid_square_5x5_plus,
          minmay_the_grid_square_5x5_meh, minmay_the_grid_square_5x5_mess,
          minmay_the_grid_square_5x5_three_small,
          minmay_the_grid_square_5x5_forky,
          minmay_the_grid_square_5x5_prize_rear_guard,
          minmay_the_grid_square_5x5_gyroscope,
          minmay_the_grid_square_5x5_prize_pseudospiral,
          minmay_the_grid_square_5x5_beaten_path,
          minmay_the_grid_square_5x5_inner_v,
          minmay_the_grid_square_5x5_two_walls_b,
          minmay_the_grid_square_5x5_prize_deathbox,
          minmay_the_grid_square_5x5_shuriken,
          minmay_the_grid_square_5x5_shrine2, minmay_the_grid_square_5x5_corner,
          minmay_the_grid_square_5x5_prize_waves,
          minmay_the_grid_square_5x5_intrusive_squares,
          minmay_the_grid_square_5x5_prize_gold,
          minmay_the_grid_square_5x5_n_small,
          minmay_the_grid_square_5x5_doubleslash,
          minmay_the_grid_square_5x5_two_small,
          minmay_the_grid_square_5x5_trominoes,
          minmay_the_grid_square_5x5_checkered_sparse,
          minmay_the_grid_square_5x5_bite], layout_cave_shapes,
          enter_ziggurat_a, pf_hell_entry_tar_river, rand_demon_pan_entry_4,
          nemelex_spade_bored_becter, serial_co_window_serial,
          co_window_paths_b, co_window_of_opportunity_a, co_window_paths_b,
          co_window_paths_a, co_window_corner_a, co_window_of_opportunity_b,
          serial_shops, nicolae_shop_overgrown_old_shop
Depths:3: minmay_guarded_unrand_guard, layout_basic, abyss_entry,
          nicolae_qazlal_scattered_showers, pf_vacation_house_of_asmodeus,
          infiniplex_staircase_zigzag_5
Depths:4: evilmike_zot_entry_diamond, layout_small_grid, abyss_entry,
          serial_shops, shop, shop, nicolae_shop_temple_entry_statues_fountains,
          shop, hell_entry, gammafunk_ghost_necromancy,
          nicolae_gozag_cash_rules_everything_around_me, st_stairs_7,
          hangedman_decor_growths, serial_bayou_pond_c, minmay_misc_feat_cross,
          uniq_sojobo, uniq_parghit
Zot:1:    layout_cathedral_of_symmetry
Zot:2:    layout_onion_interference, gammafunk_ghost_mausoleum
Zot:3:    lemuel_draconian_sentries, layout_cellular_growth, st_stairs_10,
          lemuel_elevator
Zot:4:    layout_cathedral_of_symmetry
Zot:5:    layout_basic, lemuel_golem_globe

Skill      XL: |  1  2  3  4  5  6  7  8  9 10 11 12 13 14 15 16 17 18 19 20 21 22 23 24 25 26 27 |
---------------+----------------------------------------------------------------------------------+-----
Stealth        | 2 3 |  3.0
Conjurations   | 2 3 5 6 7 8 9 |  9.0
Summonings     | 2 |  2.0
Spellcasting   | 4 5 6 8 10 12 13 16 | 16.1
Fighting       | 1 2 3 5 6 7 9 10 12 14 15 16 18 19 20 21 22 23 25 | 25.8
Fire Magic     | 2 3 5 6 |  6.0
Invocations    | 1 3 5 6 8 10 12 13 18 20 | 20.0
Short Blades   | 1 2 |  2.0
Evocations     | 4 5 6 8 |  8.0
Long Blades    | 5 9 13 17 18 19 21 22 23 25 | 25.7
Dodging        | 6 8 12 16 17 18 19 20 24 | 24.7
Air Magic      | 3 |  3.0
Necromancy     | 2 3 |  3.0
Armour         | 4 6 |  6.0
Transmutations | 4 8 10 12 14 | 14.0
Shields        | 3 4 |  4.0
Earth Magic    | 2 5 9 10 | 10.0
Translocations | |  1.1

Action                   |  1- 3 |  4- 6 |  7- 9 | 10-12 | 13-15 | 16-18 | 19-21 | 22-24 | 25-27 || total
-------------------------+-------+-------+-------+-------+-------+-------+-------+-------+-------++-------
Melee: Dagger            |    13 |    57 |    29 |       |       |       |       |       |       ||    99
       Short sword       |       |     6 |   147 |       |       |       |       |       |       ||   153
       Punch             |       |       |     4 |    10 |    20 |    10 |       |       |       ||    44
       Unarmed           |       |       |     9 |       |       |       |       |       |       ||     9
       Scimitar          |       |       |    36 |   562 |   836 |   889 |       |       |       ||  2323
       Triple sword      |       |       |       |       |       |   145 |   862 |   730 |   850 ||  2587
       Kick              |       |       |       |       |       |       |   109 |   256 |       ||   365
 Fire: Hunting sling     |       |    84 |       |     7 |       |       |       |       |       ||    91
       Longbow           |       |       |       |       |     9 |       |       |       |       ||     9
Throw: Stone             |       |     9 |       |       |       |       |       |       |       ||     9
       Dart              |       |       |       |     3 |     3 |     2 |       |       |       ||     8
       Throwing net      |       |       |       |       |     5 |       |       |       |     2 ||     7
       Boomerang         |       |       |       |       |       |       |       |     8 |    10 ||    18
 Cast: Magic Dart        |   108 |    87 |   164 |   178 |   133 |    68 |     7 |       |       ||   745
       Call Imp          |     2 |    15 |    10 |    13 |     1 |       |       |       |       ||    41
       Conjure Flame     |       |     2 |     7 |    16 |     5 |       |       |       |       ||    30
       Inner Flame       |       |       |       |    22 |    16 |     1 |       |       |       ||    39
       Flame Wave        |       |       |       |     1 |    39 |    67 |     6 |       |       ||   113
       Corpse Rot        |       |       |       |     5 |    12 |     7 |       |       |       ||    24
       Blink             |       |       |       |     3 |     3 |     2 |     3 |       |     3 ||    14
       Irradiate         |       |       |       |       |       |    31 |    50 |    65 |    60 ||   206
       Statue Form       |       |       |       |       |       |       |    82 |    72 |    62 ||   216
       Passwall          |       |       |       |       |       |       |       |       |    12 ||    12
       Apportation       |       |       |       |       |       |       |       |       |     1 ||     1
Invok: Upheaval          |       |     1 |       |     2 |    18 |    15 |     6 |       |    12 ||    54
       Elemental Force   |       |       |     1 |     5 |    14 |     8 |     5 |     6 |     3 ||    42
       Disaster Area     |       |       |       |       |       |     1 |     2 |     8 |     7 ||    18
 Abil: Hop               |     7 |     4 |     6 |    14 |    13 |       |     1 |     6 |     7 ||    58
       End Transformatio |       |       |       |       |       |       |       |     1 |     3 ||     4
Evoke: Wand              |       |       |    19 |    23 |    12 |    34 |     8 |     8 |     2 ||   106
       Tin of tremorston |       |       |       |     4 |     4 |     7 |     4 |     4 |     7 ||    30
       Phantom mirror    |       |       |       |       |     2 |     2 |     1 |       |     1 ||     6
       Condenser vane    |       |       |       |       |       |       |     2 |     5 |     4 ||    11
       Box of beasts     |       |       |       |       |       |       |       |     1 |       ||     1
  Use: Potion            |     1 |       |     7 |     2 |     5 |     3 |    11 |    17 |    29 ||    75
       Scroll            |     6 |     2 |     7 |    12 |    13 |     6 |    13 |     8 |    18 ||    85
 Stab: Sleeping          |     2 |       |       |       |       |       |       |       |       ||     2
       Paralysed         |       |       |       |     1 |     2 |     8 |     2 |     3 |       ||    16
       Distracted        |       |       |       |       |     2 |     2 |     1 |     1 |     1 ||     7
       Held in net/web   |       |       |       |       |     4 |       |       |       |     1 ||     5
       Confused          |       |       |       |       |       |       |       |     3 |       ||     3
Armor: Robe              |    10 |    14 |    33 |    11 |       |       |       |       |       ||    68
       Skin              |       |       |     8 |       |       |       |   562 |   572 |   359 ||  1501
       Troll leather arm |       |       |       |   174 |   171 |   199 |    19 |    13 |    15 ||   591
Dodge: Dodged            |    27 |    38 |   106 |   444 |   957 |   982 |  1084 |   975 |  1601 ||  6214
       Repelled          |       |       |       |     1 |     7 |    49 |    35 |    15 |    48 ||   155
Block: Other             |       |     3 |    23 |   133 |   219 |   148 |   420 |   392 |   347 ||  1685
       Buckler           |       |       |       |       |       |   402 |       |       |       ||   402
       Rpst.: Scimitar   |       |       |       |       |   121 |   138 |       |       |       ||   259
       Triple sword      |       |       |       |       |       |    21 |    10 |     6 |    33 ||    70

Table legend: (Time is in decaauts)
 A = Elapsed time spent in this place.
 B = Non-inter-level travel time spent in this place.
 C = Inter-level travel time spent in this place.
 D = Time resting spent in this place.
 E = Time spent auto-exploring this place.
 F = Levels seen in this place.
 G = Mean time per level.
                   A        B        C        D        E       F      G
               +--------+--------+--------+--------+--------+-----+--------+
         Total |  85406 |  74759 |  10647 |   7880 |  49524 |  62 | 1377.5 |
       Dungeon |  30711 |  26046 |   4665 |   4304 |  17052 |  15 | 2047.4 |
          Lair |   9157 |   8224 |    933 |    635 |   5765 |   6 | 1526.2 |
         Swamp |   4895 |   4476 |    419 |    754 |   2652 |   4 | 1223.8 |
     Snake Pit |   7557 |   6970 |    587 |    618 |   4771 |   4 | 1889.2 |
    Slime Pits |    951 |    817 |    134 |     72 |    437 |   5 |  190.2 |
  Orcish Mines |   3039 |   2465 |    574 |    447 |   1261 |   2 | 1519.5 |
   Elven Halls |   5430 |   4842 |    588 |    285 |   3263 |   3 | 1810.0 |
        Vaults |  10437 |   9136 |   1301 |    131 |   6881 |   5 | 2087.4 |
        Depths |   9560 |   8499 |   1061 |    491 |   6160 |   4 | 2390.0 |
           Zot |   2497 |   2118 |    379 |    101 |   1112 |   5 |  499.4 |
         Abyss |    645 |    645 |      0 |     18 |     23 |   7 |   92.1 |
         Trove |     51 |     51 |      0 |      0 |     20 |   1 |   51.0 |
         Sewer |    469 |    469 |      0 |     20 |    123 |   1 |  469.0 |
               +--------+--------+--------+--------+--------+-----+--------+

Top non-repeatable levels by time:
    D:11: 3260 daAuts
     D:7: 2859 daAuts
 Snake:4: 2700 daAuts
Depths:3: 2683 daAuts
Vaults:3: 2565 daAuts
     D:1: 2559 daAuts
Depths:2: 2531 daAuts
     D:5: 2465 daAuts
   Elf:3: 2347 daAuts
Depths:4: 2251 daAuts
     D:8: 2215 daAuts
     D:6: 2168 daAuts
Depths:1: 2094 daAuts
Vaults:5: 2089 daAuts
Vaults:4: 2016 daAuts
